 Dungeon Crawl Stone Soup version 0.31-a0-182-gc5ef74bbde (webtiles) character file.

Game seed: 6274846179468777505

6894 Anon1729 the Fighter (level 11, 0/104 HPs)
             Began as a Meteoran Monk on June 21, 2023.
             Was a High Priest of Nemelex Xobeh.
             Slain by an unseen horror (8 damage)
             ... on level 9 of the Dungeon.
             The game lasted 00:21:30 (4139 turns).

Anon1729 the Fighter (Meteoran Monk)                Turns: 4139, Time: 00:21:30

Health: 0/104      AC: 13    Str: 21    XL:     11   Next: 51%
Magic:  20/20      EV: 12    Int: 11    God:    Nemelex Xobeh [*****.]
Gold:   528        SH:  0    Dex: 16    Spells: 10/10 levels left

rFire   . . .        A - +0 war axe
rCold   . . .        d - orb {light}
rNeg    + . .        f - +0 chain mail
rPois   +            k - +0 helmet
rElec   .            (no cloak)
rCorr   .            l - +0 pair of gloves
SInv    .            (no boots)
Will    +....        (no amulet) Stlth
                     n - ring of poison resistance
HPRegen 0.37/turn    p - ring of positive energy
MPRegen 0.17/turn

%: clarity
@: glowing, studying Fighting
A: sense surroundings 2, otherworldly, glowing, explore regen, clarity, strong
1, subdued magic 1
a: Renounce Religion, Draw Escape, Draw Destruction, Draw Summoning, Triple
Draw, Deal Four, Stack Five


You were on level 9 of the Dungeon.
You worshipped Nemelex Xobeh.
Nemelex Xobeh was extremely pleased with you.
You visited 2 branches of the dungeon, and saw 10 of its levels.
You also visited: Sewer and Bailey.

You collected 528 gold pieces.

Inventory:

Hand Weapons
 v - a +3 battleaxe of freezing
 A - a +0 war axe (weapon)
Armour
 d - an orb of light (worn)
 f - a +0 chain mail (worn)
 k - a +0 helmet (worn)
 l - a +0 pair of gloves (worn)
 B - a +1 kite shield of poison resistance
 C - a +1 plate armour of willpower
Jewellery
 n - a ring of poison resistance (left hand)
 p - a ring of positive energy (right hand)
Wands
 a - a wand of polymorph (1)
 x - a wand of quicksilver (5)
 y - a wand of roots (5)
Scrolls
 b - a scroll of fear {unknown}
 e - a scroll of revelation
 g - a scroll of immolation
 h - a scroll of brand weapon {unknown}
 i - 5 scrolls of teleportation
 j - 3 scrolls of enchant armour
 m - 3 scrolls of enchant weapon
 r - 2 scrolls of poison
 z - a scroll of vulnerability {unknown}
Potions
 o - a potion of mutation
 q - a potion of might {unknown}
 s - a potion of ambrosia
 t - a potion of attraction {unknown}
 u - a potion of enlightenment
 w - a potion of curing {unknown}


   Skills:
 * Level 12.0 Fighting
 + Level 8.8 Axes
 + Level 7.8 Armour
 + Level 8.5 Dodging
 * Level 11.7 Invocations


You had 10 spell levels left.
You didn't know any spells.
Your spell library contained the following spells:

 Spells                   Type           Power      Damage    Failure   Level
 Necrotise                Necr           0%         1d4       88%         1
 Vampiric Draining        Necr           0%         2d6       99%         3
 Summon Ice Beast         Ice/Summ       0%         N/A       100%        4
 Agony                    Necr           0%         N/A       100%        5
 Alistair's Intoxication  Tmut/Pois      0%         N/A       100%        5
 Borgnjor's Vile Clutch   Necr/Erth      0%         N/A       100%        5
 Summon Mana Viper        Hex/Summ       0%         N/A       100%        5
 Eringya's Noxious Bog    Tmut/Pois      0%         N/A       100%        6
 Monstrous Menagerie      Summ           0%         N/A       100%        7
 Storm Form               Tmut/Air       0%         N/A       100%        7
 Maxwell's Capacitive Co  Air            0%         ∞         100%        8


Dungeon Overview and Level Annotations

Branches:
Dungeon (9/15) Zot: 1659   Temple (1/1) D:6 Zot: 582   Sewer (visited)
 Bailey (visited)
   Lair: D:8-11         Orc: D:9-12

Altars:
Fedhas
Kikubaaqudgha
Nemelex Xobeh
Ru
Xom
Zin

Shops:
D:8 [

Annotations:
D:5 Flippered's ghost, novice TeCj


Innate Abilities, Weirdness & Mutations

You passively map the area around you.
You are easily found by Zot.
You glow in the dark.
You regain HP and MP as you explore.
You possess an exceptional clarity of mind.
Your muscles are strong. (Str +4, Int/Dex -1)
Your spells are a little easier to cast, but a little less powerful.


Message History

The centaur closely misses you. x2
Your orb of destruction hits a rock wall.
Okay, then.
Okay, then.
Unknown command.
Unknown command.
Okay, then.
Okay, then.
Okay, then.
Okay, then.
Unknown command.
Unknown command.
You draw... (choose one card, ? for their descriptions)
a - the Rangers
b - the Illusion
c - the Swarm You have drawn the Swarm.
The centaur completely misses you. The centaur misses you.
The orc warrior closely misses you. The centaur barely misses you.
The centaur kicks you but does no damage.
Your killer bee closely misses the orc warrior.
The orc warrior hits your killer bee with a +0 flail.
The centaur closely misses your killer bee.
The centaur barely misses your killer bee.
The unseen horror hits you but does no damage.
A warg comes into view.
Your killer bee stings the centaur but does no damage.
Your killer bee stings the orc warrior but does no damage.
It was a potion of mutation.
You feel extremely strange.
Your thoughts seem clearer.
You feel stronger.
Your connection to magic feels subdued.
The unseen horror hits you but does no damage.
Your killer bee stings the orc warrior!
The centaur closely misses your killer bee.
The centaur barely misses your killer bee.
Your killer bee stings the centaur!
The orc warrior hits your killer bee with a +0 flail!
The unseen horror hits you!
You die...
Your body disappears without additional glow.

,, * * , , , , ,, ,
##. , * , * #... **
..#* , ,,, * **
*#####'# * ,* , , *
......## , , , ##
#.ox## * , ,
.##..##c8@# , , * ,,
,.'.?..'oy°# , * 8
##..##y8.# ....##.. ,*
,,,,..####...##.#
......,* ,
........###.. ,....#*
*#######)###.# , ...#
......h†##..##**#..# *
..####..†##..####..# *
,
.##..##).†.........###


You could see an unseen horror (invisible), a warg, 2 orc warriors, a centaur
and 2 friendly killer bees.

Vanquished Creatures
  Pikel (D:7)
  A hornet (D:8)
  4 yaks (D:9)
  A wraith (D:8)
  A steam dragon (D:8)
  A warg (D:9)
  2 water moccasins
  10 orc warriors
  3 ice beasts
  2 sky beasts (D:7)
  3 wolves
  2 phantoms
  2 bullfrogs (D:7)
  4 lemures (D:7)
  3 gnoll sergeants
  2 scorpions
  6 wights
  11 killer bees (D:9)
  A hound (D:4)
  5 orc priests
  A sleepcap (D:6)
  2 iguanas (D:6)
  6 orc wizards
  A hell rat (Sewer)
  13 gnolls
  4 adders
  4 river rats
  A shadow imp (D:8)
  2 white imps (D:7)
  2 ufetubi (D:6)
  A worm (D:4)
  A dart slug (D:1)
  46 orcs
  6 bats
  4 endoplasms
  4 giant cockroaches
  5 goblins
  5 hobgoblins
  4 jackals
  5 quokkas
  10 ball pythons
  4 frilled lizards
  5 kobolds
  7 rats
208 creatures vanquished.

Vanquished Creatures (collateral kills)
  A wyvern (D:8)
  Grum (D:8)
  A warg (D:9)
  Menkaure (D:6)
  An orc warrior (D:8)
  A black bear (D:6)
  2 wolves (D:8)
  A gnoll sergeant (D:9)
  A scorpion (D:6)
  4 killer bees (D:9)
  A gnoll bouda (D:9)
  An orc wizard (D:8)
  6 gnolls
  6 orcs
28 creatures vanquished.

Grand Total: 236 creatures vanquished

Notes
Turn   | Place    | Note
-------+----------+-------------------------------------------
     0 | D:1      | Anon1729 the Meteoran Monk began the quest for the Orb.
     0 | D:1      | Reached XP level 1. HP: 19/19 MP: 2/2
    66 | D:1      | Reached XP level 2. HP: 26/26 MP: 3/3
   169 | D:1      | Found a faded altar of an unknown god.
   175 | D:1      | Reached skill level 1 in Armour
   179 | D:1      | Reached XP level 3. HP: 27/31 MP: 4/4
   185 | D:1      | Prayed at the altar of an unknown god.
   185 | D:1      | Became a worshipper of Nemelex Xobeh the Trickster
   185 | D:1      | Reached * piety under Nemelex Xobeh
   185 | D:1      | Received a gift from Nemelex Xobeh
   185 | D:1      | Reached ** piety under Nemelex Xobeh
   185 | D:1      | Received a gift from Nemelex Xobeh
   224 | D:2      | Noticed a black bear
   233 | D:2      | a black bear changed into a water moccasin
   233 | D:2      | Noticed a water moccasin
   245 | D:2      | Killed a water moccasin
   246 | D:2      | Reached XP level 4. HP: 24/40 MP: 4/7
   246 | D:2      | Reached XP level 5. HP: 28/46 MP: 4/8
   323 | D:2      | Reached *** piety under Nemelex Xobeh
   347 | D:3      | Reached skill level 4 in Fighting
   413 | D:3      | Received a gift from Nemelex Xobeh
   530 | D:3      | Reached XP level 6. HP: 22/52 MP: 9/9
   623 | D:3      | Received a gift from Nemelex Xobeh
   846 | D:2      | Found a glowing silver altar of Zin.
  1157 | D:4      | Received a gift from Nemelex Xobeh
  1203 | D:4      | Reached **** piety under Nemelex Xobeh
  1378 | D:4      | Reached skill level 5 in Axes
  1378 | D:4      | Reached XP level 7. HP: 57/60 MP: 11/11
  1478 | D:5      | Entered Level 5 of the Dungeon
  1519 | D:5      | Received a gift from Nemelex Xobeh
  1549 | D:5      | Noticed Flippered's ghost (novice TeCj)
  1633 | D:6      | Reached skill level 5 in Dodging
  1769 | D:6      | Reached skill level 5 in Invocations
  1818 | D:6      | Reached XP level 8. HP: 31/67 MP: 11/13
  1889 | D:6      | Reached skill level 5 in Fighting
  1894 | D:6      | HP: 3/68 [gnoll sergeant/+0 trident (12)]
  1920 | D:6      | Found a staircase to the Ecumenical Temple.
  1930 | Temple   | Entered the Ecumenical Temple
  2021 | D:6      | Gained mutation: You passively map the area around you.
                  | [Meteoran growth]
  2021 | D:6      | Reached XP level 9. HP: 19/74 MP: 13/15
  2034 | D:6      | Received a gift from Nemelex Xobeh
  2065 | D:6      | Noticed Menkaure
  2073 | D:6      | Killed Menkaure
  2094 | D:6      | Found a glowing drain.
  2115 | Sewer    | Entered a sewer
  2141 | Sewer    | Reached skill level 5 in Armour
  2209 | Sewer    | Identified a scroll of acquirement
  2210 | Sewer    | Acquired a manual of Fighting
  2306 | D:7      | Noticed Pikel
  2554 | D:7      | Reached skill level 6 in Fighting
  2594 | D:7      | Found an ancient bone altar of Kikubaaqudgha.
  2618 | D:7      | Identified the +2 quarterstaff of a sewer {venom, rCorr
                  | Str+3 SInv}
  2673 | D:7      | Reached skill level 7 in Fighting
  2673 | D:7      | Reached ***** piety under Nemelex Xobeh
  2729 | D:7      | Killed Pikel
  2730 | D:7      | Reached XP level 10. HP: 85/88 MP: 17/17
  2863 | D:7      | Reached skill level 8 in Fighting
  3098 | D:8      | Noticed Grum
  3113 | D:8      | Killed Grum
  3114 | D:8      | Reached skill level 9 in Fighting
  3171 | D:8      | Received a gift from Nemelex Xobeh
  3180 | D:8      | Found a sacrificial altar of Ru.
  3206 | D:8      | Found a flagged portal.
  3224 | Bailey   | Entered a bailey
  3275 | Bailey   | Reached skill level 10 in Invocations
  3434 | Bailey   | Reached skill level 10 in Fighting
  3685 | D:8      | Found Coamaxok's Armour Shop.
  3824 | D:8      | Reached XP level 11. HP: 28/101 MP: 19/19
  3851 | D:8      | HP: 2/101 [wyvern (5)]
  3892 | D:8      | Received a gift from Nemelex Xobeh
  3948 | D:8      | Reached skill level 11 in Fighting
  4046 | D:9      | HP: 4/102 [yak (9)]
  4048 | D:9      | HP: 1/102 [yak (8)]
  4113 | D:9      | Reached skill level 12 in Fighting
  4129 | D:9      | Identified the +9 trident of Amorality {elec, +Blink rF+
                  | rN+ Stlth+}
  4139 | D:9      | Gained mutation: You possess an exceptional clarity of
                  | mind. [potion of mutation]
  4139 | D:9      | Gained mutation: Your muscles are strong. (Str +4, Int/Dex
                  | -1) [potion of mutation]
  4139 | D:9      | Gained mutation: Your spells are a little easier to cast,
                  | but a little less powerful. [potion of mutation]
  4139 | D:9      | Slain by an unseen horror

Illustrated notes

Levels and vault maps discovered:
D:1:      eino_arrival_water_star, layout_basic,
          shapermc_ecumenical_altar_mp_highgroup, amcnicky_mini_corridor_feature
D:2:      layout_basic, basic_altar, minmay_pentomino_u2, uniq_jessica
D:3:      layout_basic
D:4:      layout_basic, grunt_decor_one_mirror
D:5:      layout_loops_ring, gammafunk_ghost_icy, minmay_misc_feat_rugged,
          hangedman_decor_lopped
D:6:      layout_rooms, amethyst_overflow_temple_binary,
          minmay_temple_entry_drinking_statues, portal_sewer_entry_b,
          grunt_ministairs_9, uniq_menkaure
D:7:      layout_loops_corners, mainiacjoe_overflow_surrounded_room, uniq_pikel
D:8:      minmay_s_stair_smasher, layout_basic, kennysheep_mini_moat,
          serial_shops, shop, special_room [special_room_orc], enter_bailey_7,
          uniq_grum
D:9:      layout_rooms, david_orc_1_choice, lightli_church_of_beogh
Temple:   eino_temple_scatter_basement

Skill      XL: |  1  2  3  4  5  6  7  8  9 10 11 |
---------------+----------------------------------+-----
Armour         | 1 2 3 4 5 7 |  7.8
Axes           | 4 5 6 7 8 |  8.8
Dodging        | 4 5 6 7 8 |  8.5
Invocations    | 2 3 4 5 7 8 10 11 | 11.7
Fighting       | 4 5 7 10 12 | 12.0

Action                     |  1- 3 |  4- 6 |  7- 9 | 10-12 || total
---------------------------+-------+-------+-------+-------++-------
  Melee: Hand axe          |    47 |   128 |   248 |    61 ||   484
         War axe           |       |       |       |   228 ||   228
 Invoke: Draw Destruction  |     1 |     4 |    20 |    17 ||    42
         Draw Summoning    |       |       |     4 |     5 ||     9
         Triple Draw       |       |       |       |     1 ||     1
         Deal Four         |       |       |       |     1 ||     1
  Evoke: Wand              |       |       |       |     3 ||     3
    Use: Scroll            |       |       |     7 |     1 ||     8
         Potion            |       |       |     2 |     6 ||     8
 Armour: Chain mail        |    41 |   122 |   161 |   193 ||   517
         Robe              |     2 |       |       |       ||     2
  Dodge: Dodged            |    13 |    47 |   118 |   188 ||   366

Table legend: (Time is in decaauts)
 A = Elapsed time spent in this place.
 B = Non-inter-level travel time spent in this place.
 C = Inter-level travel time spent in this place.
 D = Time resting spent in this place.
 E = Time spent auto-exploring this place.
 F = Levels seen in this place.
 G = Mean time per level.
                   A        B        C        D        E       F      G
               +--------+--------+--------+--------+--------+-----+--------+
         Total |   4203 |   3893 |    310 |     19 |   1306 |  12 |  350.2 |
       Dungeon |   3740 |   3439 |    301 |     19 |   1248 |   9 |  415.6 |
        Temple |     17 |      8 |      9 |      0 |      0 |   1 |   17.0 |
         Sewer |    111 |    111 |      0 |      0 |     31 |   1 |  111.0 |
        Bailey |    334 |    334 |      0 |      0 |     27 |   1 |  334.0 |
               +--------+--------+--------+--------+--------+-----+--------+

Top non-repeatable levels by time:
     D:7: 721 daAuts
     D:8: 613 daAuts
     D:6: 541 daAuts
     D:3: 522 daAuts
     D:4: 374 daAuts
     D:2: 348 daAuts
  Bailey: 334 daAuts
     D:1: 248 daAuts
     D:5: 195 daAuts
     D:9: 174 daAuts
   Sewer: 111 daAuts
  Temple: 17 daAuts
